Map: Astillero orbital

Players

xXkazperXx - Winner!

  • Race: Zerg Zerg
  • League: Bronze

RANURA DE IA (Muy fácil)

  • Race: Zerg Zerg

VOD

Have the link to the VOD?

Description

Time

  • Played on: April 2, 2016, 9:12 a.m.
  • Length: 4:27
Show
View Real Time Build Order
Export as new Build Order

xXkazperXx Zerg - Winner!

Build Orders: Pool Only 

Get SALT Encoding   

  12  0:02  Drone  
  13  0:13  Overlord  
  13  0:23  Drone  
  14  0:31  Drone  
  15  0:38  Spawning Pool  
  14  0:45  Extractor  
  14  0:48  Drone x2  
  15  1:03  Drone x2  
  17  1:25  Queen  
  19  1:29  Zergling x4  
  21  1:37  Zergling x2  
  22  1:47  Overlord  
  22  2:07  Zergling x2  
  22  2:08  Zergling x2, Metabolic Boost  
  24  2:19  Zergling x2  
  25  2:27  Zergling x2  
  26  2:35  Zergling x6  
  29  2:39  Drone  
  30  2:51  Overlord  
  30  3:24  Zergling x8  
Show
View Real Time Build Order
Export as new Build Order

RANURA DE IA (Muy fácil) Zerg 

Build Orders: Pool Only 

Get SALT Encoding   

  12  0:01  Drone  
  13  0:12  Overlord  
  13  0:17  Drone  
  14  0:35  Spawning Pool  
  13  0:37  Drone  
  13  0:42  Extractor  
  13  0:44  Drone  
  14  0:51  Overlord  
  14  1:21  Queen  
  14  1:22  Zergling x2  
  17  1:29  Roach Warren  
  17  1:32  Extractor  
  15  1:35  Drone  
  16  1:42  Drone  
  17  1:51  Zergling x2  
  18  2:02  Drone  
  19  2:09  Drone  
  20  2:18  Drone  
  20  2:21  Zergling x2  
  22  2:28  Overlord  
  22  2:31  Drone  
  23  2:38  Drone  
  24  2:45  Drone  
  24  2:50  Roach  
  27  3:39  Zergling x2  
  23  4:00  Drone  
  20  4:07  Drone  
  9  4:14  Drone  
Tags
 
Add a new tag
Caveats
  • Supply blocks, unpowered buildings, or Contaminate may cause inaccurate times.
  • Supply counts are checked every 10 seconds.